 Dungeon Crawl Stone Soup version 0.25.1-2-g60ff931df9 (webtiles) character file.

Game seed: 15043758392334648288

32 Doot the Chopper (level 3, -3/30 HPs)
             Began as a Hill Orc Skald on Sept 9, 2020.
             Killed by divine providence
             ... invoked by an orc priest
              (14 damage)
             ... on level 2 of the Dungeon.
             The game lasted 00:02:07 (1070 turns).

Doot the Chopper (Hill Orc Skald)                   Turns: 1070, Time: 00:02:08

Health: -3/30      AC:  6    Str: 14    XL:     3   Next: 25%
Magic:  5/5        EV: 11    Int: 13    God:
Gold:   42         SH:  0    Dex: 10    Spells: 4/5 levels left

rFire    . . .     SeeInvis .   a - +0 hand axe
rCold    . . .     Gourm    .   (no shield)
rNeg     . . .     Faith    .   b - +0 leather armour
rPois    .         Spirit   .   (no helmet)
rElec    .         Reflect  .   (no cloak)
rCorr    .         Harm     .   (no gloves)
MR       .....                  g - +2 pair of boots
Stlth    +.........             (no amulet)
HPRegen  0.10/turn              (no ring)
MPRegen  0.09/turn              (no ring)

@: no status effects
A: no striking features
a: Convert to Beogh


You were on level 2 of the Dungeon.
You were not hungry.

You visited 1 branch of the dungeon, and saw 2 of its levels.

You collected 42 gold pieces.

Inventory:

Hand Weapons
 a - a +0 hand axe (weapon)
Armour
 b - a +0 leather armour (worn)
 g - a +2 pair of boots (worn)
Scrolls
 c - a scroll of teleportation {unknown}
 e - a scroll of identify {unknown}
Potions
 h - a potion of brilliance {unknown}
Comestibles
 d - 3 rations
 f - a chunk of flesh


   Skills:
 + Level 2.7 Fighting
 + Level 3.8 Axes
 + Level 1.1 Armour
 + Level 1.7 Dodging
 + Level 1.7 Spellcasting
 + Level 2.9 Charms


You had 4 spell levels left.
You knew the following spells:

 Your Spells              Type           Power        Failure   Level  Hunger
a - Infusion              Chrm           #...         10%         1    ##.....

Your spell library contained the following spells:

 Spells                   Type           Power        Failure   Level  Hunger
 Song of Slaying          Chrm           #.......     14%         2    ###....
 Shroud of Golubria       Chrm/Tloc      #.....       26%         2    ###....
 Ozocubu's Armour         Chrm/Ice       #.......     47%         3    ####...
 Spectral Weapon          Hex/Chrm       #.......     47%         3    ####...


Dungeon Overview and Level Annotations

Branches:
Dungeon (2/15)

Altars:


Message History

You butcher the orc corpse.
f - 4 chunks of flesh (gained 1)
Things that are here:
a +0 trident; an orc skeleton You start resting.
You are no longer magically infusing your attacks.
You start resting.
Some of the chunks of flesh in your inventory have rotted away.
Magic restored.
Unknown command.
There is a stone staircase leading down here.
You climb downwards.
The orc closely misses you. The orc completely misses you.
The orc priest mumbles some strange prayers to Beogh against you.
Beogh smites you!
There is a stone staircase leading up here.
Unknown command.
The orc hits you with a +0 hand axe. The orc hits you with a +0 flail.
The orc priest calls down the wrath of Beogh upon you.
Beogh smites you!
You die...

...o....# # #..#
###.##.#... ##.#
...o[...### #w#
#.#)......# #.#
#.#.##..#.# #.#
#.#o....# #########.#
#.#o.##.# #.......#.#
#..oo...#.# #o#####.#.#
#.........# #@#####.#.#
#.##.#.#### #o##......#
#.##.#.#### #o......###
...w......######.......#
#.##.#.##o.o.o.........#
#.##.#.##########.....##
#. ....# #.....# ##.###
####### #.#


You could see an orc priest and 2 orcs.

Vanquished Creatures
  An adder (D:2)
  A dart slug (D:1)
  An orc (D:1)
  2 goblins (D:1)
  2 hobgoblins
  7 jackals (D:2)
  A kobold (D:1)
  A frilled lizard (D:2)
  2 rats
18 creatures vanquished.

Notes
Turn   | Place    | Note
-------+----------+-------------------------------------------
     0 | D:1      | Doot the Hill Orc Skald began the quest for the Orb.
     0 | D:1      | Reached XP level 1. HP: 18/18 MP: 3/3
    22 | D:1      | Reached skill level 3 in Axes
   127 | D:2      | Reached XP level 2. HP: 17/25 MP: 0/4
   767 | D:2      | Reached XP level 3. HP: 30/30 MP: 2/5
  1070 | D:2      | Killed from afar by an orc priest

Illustrated notes

Levels and vault maps discovered:
D:1:      minmay_arrival_wavy_path, layout_basic
D:2:      cheibrodos_pilgrimage, layout_loops_cross, grunt_ministairs_8,
          uniq_sigmund

Skill      XL: |  1 |
---------------+----+-----
Axes           | 3 |  3.8
Fighting       | |  2.7
Armour         | |  1.1
Dodging        | |  1.7
Spellcasting   | |  1.7
Charms         | |  2.9

Action                   || total
-------------------------++-------
Melee: Hand axe          ||    58
 Cast: Infusion          ||    11
  Eat: Chunk             ||     1
Armor: Leather armour    ||    20
Dodge: Dodged            ||    49
